 Dungeon Crawl Stone Soup version 0.23.1 (webtiles) character file.

Game seed: 5939184704635401438

693 Acheron the Chopper (level 7, 0/54 HPs)
             Began as a Human Fighter on Mar 18, 2019.
             Succumbed to a water moccasin's poison
             ... on level 4 of the Dungeon.
             The game lasted 00:08:44 (2907 turns).

Acheron the Chopper (Human Fighter)                 Turns: 2907, Time: 00:08:45

Health: 0/54       AC:  7    Str: 16    XL:     7   Next: 96%
Magic:  7/7        EV:  7    Int: 11    God:
Gold:   37         SH:  9    Dex: 12    Spells: 6/6 levels left

rFire    . . .     SeeInvis .   a - +0 war axe
rCold    . . .     Gourm    .   c - +0 shield
rNeg     . . .     Faith    .   b - +0 scale mail
rPois    .         Spirit   .   (no helmet)
rElec    .         Reflect  .   (no cloak)
rCorr    .         Harm     .   (no gloves)
MR       .....                  (no boots)
Stlth    +.........             (no amulet)
HPRegen  0.18/turn              (no ring)
MPRegen  0.10/turn              (no ring)

@: lethally poisoned (0 -> -8)
A: no striking features
a: no special abilities


You were on level 4 of the Dungeon.
You were not hungry.

You visited 1 branch of the dungeon, and saw 4 of its levels.
You also visited: Ossuary.

You collected 37 gold pieces.

Inventory:

Hand Weapons
 a - a +0 war axe (weapon)
 n - a +2 dagger of protection
 o - a +1 dagger of venom
Missiles
 h - 24 sling bullets
 l - 5 stones (quivered)
Armour
 b - a +0 scale mail (worn)
 c - a +0 shield (worn)
Jewellery
 m - an uncursed amulet of rage {unknown}
Scrolls
 d - 2 scrolls of fog {unknown}
 g - 6 scrolls of teleportation
 k - a scroll of immolation {unknown}
Potions
 e - a potion of curing
 i - a potion of agility {unknown}
 j - a potion of heal wounds {unknown}
 p - a potion of resistance {unknown}
 q - a potion of cancellation {unknown}
Comestibles
 f - 9 rations
 r - 5 chunks of flesh


   Skills:
 + Level 4.1 Fighting
 + Level 4.7 Axes
 + Level 4.4 Armour
 + Level 1.3 Dodging
 * Level 3.7 Stealth
 + Level 4.4 Shields


You had 6 spell levels left.
You didn't know any spells.
Your spell library was empty.

Dungeon Overview and Level Annotations

Branches:
Dungeon (4/15)
 Temple: D:4-7

Altars:

Annotations:
D:2 Terence


Message History

* * * LOW HITPOINT WARNING * * *
You feel better.
The water moccasin bites you but does no damage.
The water moccasin bites you!
* * * LOW HITPOINT WARNING * * *
Your shield and scale mail prevent you from hitting the water moccasin.
The water moccasin is lightly wounded.
The water moccasin bites you.
* * * LOW HITPOINT WARNING * * *
You are lethally poisoned!
The water moccasin poisons you! The water moccasin bites you.
* * * LOW HITPOINT WARNING * * *
You closely miss the water moccasin.
The water moccasin is lightly wounded.
* * * LOW HITPOINT WARNING * * *
You feel sick. You block the water moccasin's attack.
The water moccasin misses you.
Your shield prevents you from hitting the water moccasin.
The water moccasin is lightly wounded.
You die...

##.#))...####....###.
#...)...##.....##
#..........#..##
#....##......##
#.............
####.##.......
##...#.......
#))S.........
#..@........
##..###[.##.. #...#
### . ##..# #.## ###


You could see a water moccasin.

Vanquished Creatures
  3 elf zombies (Ossuary)
  6 centaur zombies (Ossuary)
  2 orc priests (D:4)
  3 human zombies (Ossuary)
  An orc wizard (D:4)
  3 mummies (Ossuary)
  An adder (D:3)
  3 gnolls
  An ooze (D:3)
  3 worms
  A dart slug (D:2)
  A leopard gecko (D:3)
  2 orcs (D:4)
  3 giant cockroaches
  4 goblins
  2 hobgoblins
  2 jackals (D:3)
  4 quokkas
  2 bats
  A frilled lizard (D:2)
  2 kobolds (D:1)
  4 rats
54 creatures vanquished.

Notes
Turn   | Place    | Note
-------+----------+-------------------------------------------
     0 | D:1      | Acheron the Human Fighter began the quest for the Orb.
     0 | D:1      | Reached XP level 1. HP: 18/18 MP: 1/1
   309 | D:1      | Reached XP level 2. HP: 24/24 MP: 2/2
   817 | D:2      | Noticed Terence
  1117 | D:2      | Reached XP level 3. HP: 26/29 MP: 3/3
  1162 | D:3      | Reached skill level 1 in Stealth
  1295 | D:3      | Reached XP level 4. HP: 16/35 MP: 4/4
  1704 | D:4      | Found a sand-covered staircase.
  1713 | Ossuary  | Entered an ossuary
  1725 | Ossuary  | Reached XP level 5. HP: 41/41 MP: 5/5
  1744 | Ossuary  | Reached XP level 6. HP: 25/47 MP: 6/6
  2010 | Ossuary  | Reached skill level 1 in Dodging
  2034 | Ossuary  | Reached XP level 7. HP: 21/53 MP: 7/7
  2897 | D:4      | Noticed a water moccasin
  2905 | D:4      | HP: 2/54 [water moccasin (2)]
  2907 | D:4      | Succumbed to a water moccasin's poison

Skill      XL: |  1  2  3  4  5  6  7 |
---------------+----------------------+-----
Stealth        | 1 2 3 |  3.7
Axes           | 3 4 |  4.7
Shields        | 4 |  4.4
Dodging        | 1 |  1.3
Armour         | 4 |  4.4
Fighting       | 4 |  4.1

Action                   |  1- 3 |  4- 6 |  7- 9 || total
-------------------------+-------+-------+-------++-------
Melee: War axe           |    68 |   126 |   102 ||   296
Throw: Stone             |       |     2 |       ||     2
  Use: Scroll            |     2 |       |       ||     2
       Potion            |       |     4 |     2 ||     6
  Eat: Chunk             |     1 |     2 |     1 ||     4
       Ration            |       |     1 |       ||     1
Armor: Scale mail        |    26 |    45 |    32 ||   103
Dodge: Dodged            |    14 |    22 |    20 ||    56
Block: Shield            |    47 |    73 |    40 ||   160
